 Dungeon Crawl Stone Soup version 0.26-a0-1101-g8f9f7f7418 (webtiles) character file.

Game seed: 11964619292485899865

21 ANON1729 the Caller (level 2, 0/19 HPs)
             Began as a Vampire Summoner on Dec 14, 2020.
             Slain by an adder (2 damage)
             ... on level 2 of the Dungeon.
             The game lasted 00:02:02 (1043 turns).

ANON1729 the Caller (Vampire Summoner)              Turns: 1043, Time: 00:02:02

Health: 0/19       AC:  3    Str:  7    XL:     2   Next: 65%
Magic:  3/5        EV: 13    Int: 17    God:
Gold:   63         SH:  0    Dex: 14    Spells: 4/5 levels left

rFire    . . .     SeeInvis +   b - -2 whip (curse)
rCold    . . .     Faith    .   (no shield)
rNeg     . . .     Spirit   .   a - +0 robe
rPois    .         Reflect  .   (no helmet)
rElec    .         Harm     .   (no cloak)
rCorr    .         Rampage  .   (no gloves)
Will     .....                  d - +0 pair of boots
Stlth    ++........             (no amulet)
HPRegen  0.26/turn              (no ring)
MPRegen  0.09/turn              (no ring)

@: lethally poisoned (0 -> -4), regenerating quickly
A: fangs 3, see invisible, unbreathing
a: Exsanguinate


You were on level 2 of the Dungeon.
You visited 1 branch of the dungeon, and saw 2 of its levels.

You collected 63 gold pieces.

Inventory:

Hand Weapons
 b - a cursed -2 whip (weapon)
Armour
 a - a +0 robe (worn)
 d - a +0 pair of boots (worn)


   Skills:
 + Level 2.6 Dodging
 + Level 3.6 Stealth
 + Level 2.2 Spellcasting
 + Level 4.2 Summonings


You had 4 spell levels left.
You knew the following spells:

 Your Spells              Type           Power        Failure   Level
a - Summon Small Mammal   Summ           ###.         3%          1

Your spell library contained the following spells:

 Spells                   Type           Power        Failure   Level
 Call Imp                 Summ           ###.....     4%          2
 Call Canine Familiar     Summ           ###.....     10%         3
 Summon Guardian Golem    Hex/Summ       #.......     24%         3
 Summon Ice Beast         Ice/Summ       #.......     61%         4
 Summon Lightning Spire   Summ/Air       #.......     61%         4


Dungeon Overview and Level Annotations

Branches:
Dungeon (2/15)

Altars:


Innate Abilities, Weirdness & Mutations

Your natural rate of healing is unusually fast.
You have razor-sharp teeth.
You have supernaturally acute eyesight. (SInv)
You can survive without breathing.


Message History

An adder is nearby!
Casting: Summon Small Mammal (safe; 3% risk of failure)
Confirm with . or Enter, or press ? or * to list all spells.
The adder closely misses you. The adder misses you.
Casting: Summon Small Mammal (safe; 3% risk of failure)
Confirm with . or Enter, or press ? or * to list all spells.
You feel sick. The adder bites you.
* * * LOW HITPOINT WARNING * * *
You are lethally poisoned!
The adder poisons you!
Your quokka barely misses the adder.
Keep bloodletting? [Y]es or [N]o only, please.
Keep bloodletting?
* * * LOW HITPOINT WARNING * * *
You feel sick. The adder bites you but does no damage.
Your quokka closely misses the adder.
You begin bloodletting.
You continue bloodletting.
The adder bites you but does no damage.
Your quokka closely misses the adder.
The adder bites you.
You die...

# ### #. #.. #.##.#
#..#r# # #...S####.# #
#@#... ## ..##. #r#.#
.# #.....#.$.# ###.#
#...†...###### #...^
##...........#####....
##.##....##.....#....
#.#..##.######......
###.###..# ###.... +.
##... #<...


You could see an adder, a friendly quokka (summoned) and a friendly rat
(summoned).

Vanquished Creatures
  A dart slug (D:2)
  A leopard gecko (D:1)
  3 goblins (D:1)
  4 hobgoblins (D:1)
  2 jackals (D:1)
  A ball python (D:1)
  2 bats (D:1)
  A kobold (D:1)
  A rat (D:2)
16 creatures vanquished.

Vanquished Creatures (collateral kills)
  2 kobolds (D:1)
  A bat (D:1)
3 creatures vanquished.

Grand Total: 19 creatures vanquished

Notes
Turn   | Place    | Note
-------+----------+-------------------------------------------
     0 | D:1      | ANON1729 the Vampire Summoner began the quest for the Orb.
     0 | D:1      | Reached XP level 1. HP: 13/13 MP: 3/3
   287 | D:1      | Reached XP level 2. HP: 8/19 MP: 0/5
  1043 | D:2      | Slain by an adder

Illustrated notes

Levels and vault maps discovered:
D:1:      minmay_arrival_stair_chambers, layout_basic
D:2:      layout_rooms, supply_closet_lemuel, minmay_misc_feat_ornament,
          minmay_misc_feat_encased, corexii_corridor_pit, uniq_natasha

Action                   || total
-------------------------++-------
Melee: Whip              ||    84
       Unarmed           ||     5
       Bite              ||     6
 Cast: Summon Small Mamm ||    14
 Abil: Exsanguinate      ||     1
  Use: Scroll            ||     2
 Stab: Sleeping          ||     6
Armor: Robe              ||    24
Dodge: Dodged            ||    71

Table legend: (Time is in decaauts)
 A = Elapsed time spent in this place.
 B = Non-inter-level travel time spent in this place.
 C = Inter-level travel time spent in this place.
 D = Time resting spent in this place.
 E = Time spent auto-exploring this place.
 F = Levels seen in this place.
 G = Mean time per level.
                   A        B        C        D        E       F      G
               +--------+--------+--------+--------+--------+-----+--------+
         Total |   1050 |   1014 |     36 |     77 |    705 |   2 |  525.0 |
       Dungeon |   1050 |   1014 |     36 |     77 |    705 |   2 |  525.0 |
               +--------+--------+--------+--------+--------+-----+--------+

Top non-repeatable levels by time:
     D:1: 1010 daAuts
     D:2: 40 daAuts
